 Dungeon Crawl Stone Soup version 0.31-a0-319-g4fced400ed (webtiles) character file.

Game seed: 14266613325925904603

182 tilp the Vexing (level 5, 0/38 HPs)
             Began as a Vampire Enchanter on July 18, 2023.
             Was an Initiate of Wu Jian.
             Slain by an iguana (2 damage)
             ... on level 6 of the Dungeon.
             The game lasted 00:05:07 (2995 turns).

tilp the Vexing (Vampire Enchanter)                 Turns: 2995, Time: 00:05:07

Health: 0/38       AC:  3    Str:  7    XL:     5   Next: 34%
Magic:  1/9        EV: 12    Int: 20    God:    Wu Jian [......]
Gold:   195        SH:  4    Dex: 14    Spells: 1/9 levels left

rFire   + . .        b - +1 dagger
rCold   . . .        k - +0 buckler
rNeg    . . .        g - +0 robe
rPois   .            (no helmet)
rElec   .            (no cloak)
rCorr   .            (no gloves)
SInv    +            w - +0 pair of boots
Will    .....        (no amulet)
Stlth   +++          m - ring of protection from fire
HPRegen 0.46/turn    (no ring)
MPRegen 0.11/turn

%: no passive effects
@: very slightly contaminated, healing quickly
A: alive, fangs 3, see invisible, vampiric 2
a: Exsanguinate, Renounce Religion


You were on level 6 of the Dungeon.
You worshipped Wu Jian.
Wu Jian was noncommittal.
You visited 2 branches of the dungeon, and saw 7 of its levels.

You collected 195 gold pieces.

Inventory:

Hand Weapons
 a - a +1 dagger of speed
 b - a +1 dagger (weapon)
Missiles
 i - 23 stones (quivered)
Armour
 g - a +0 robe (worn)
 k - a +0 buckler (worn)
 w - a +0 pair of boots (worn)
Jewellery
 m - a ring of protection from fire (left hand)
 o - an amulet of guardian spirit
Talismans
 d - a beast talisman
 p - a serpent talisman
Wands
 u - a wand of mindburst (8)
 v - a wand of roots (14)
Scrolls
 n - a scroll of vulnerability
 q - 2 scrolls of teleportation
 r - a scroll of acquirement
 t - a scroll of enchant weapon {unknown}
Potions
 c - 2 potions of invisibility
 e - a potion of lignification {unknown}
 f - a potion of resistance {unknown}
 h - 3 potions of curing {unknown}
 j - 2 potions of might {unknown}
 l - 2 potions of brilliance {unknown}
 s - a potion of berserk rage {unknown}


   Skills:
 * Level 1.8 Fighting
 * Level 3.0 Short Blades
 + Level 3.0 Dodging
 + Level 5.1 Stealth
 * Level 2.8 Spellcasting
 + Level 5.2 Hexes


You had one spell level left.
You knew the following spells:

 Your Spells              Type           Power      Damage    Failure   Level
a - Ensorcelled Hibernat  Hex/Ice        26%        N/A       13%         2
b - Confusing Touch       Hex            23%        N/A       9%          3
c - Tukima's Dance        Hex            23%        N/A       9%          3

Your spell library contained the following spells:

 Spells                   Type           Power      Damage    Failure   Level
 Dazzling Flash           Conj/Hex       26%        N/A       26%         3
 Inner Flame              Hex/Fire       13%        N/A       26%         3
 Yara's Violent Unravell  Hex/Tmut       6%         3d5       93%         5
 Passage of Golubria      Tloc           2%         N/A       94%         4
 Enfeeble                 Hex            11%        N/A       100%        7


Dungeon Overview and Level Annotations

Branches:
Dungeon (7/15)             Temple (1/1) D:7

Altars:
Ashenzari
Dithmenos
Fedhas
Gozag
Kikubaaqudgha
Makhleb
Nemelex Xobeh
Okawaru
Qazlal
Sif Muna
Trog
Uskayaw
Vehumet
Wu Jian
Yredelemnul


Innate Abilities, Weirdness & Mutations

Your natural rate of healing is accelerated.
You have razor-sharp teeth.
You have supernaturally acute eyesight. (SInv)
You are afflicted with vampirism and can become a bat while bloodless.


Message History

Confirm with . or Enter, or press ? or * to list all spells.
Aiming: Ensorcelled Hibernation (safe; 13% risk of failure)
Press: ? - help, Shift-Dir - straight line, f/p - iguana
Aim: an iguana (lightly wounded, chance to affect: 55%)
You miscast Ensorcelled Hibernation.
Nothing appears to happen.
You block the iguana's attack.
Unknown command.
You closely miss the iguana.
The iguana is lightly wounded.
The iguana completely misses you.
You hit the iguana but do no damage.
The iguana is lightly wounded.
The iguana barely misses you.
You hit the iguana but do no damage.
The iguana is lightly wounded.
The iguana bites you but does no damage.
You closely miss the iguana.
The iguana is lightly wounded.
The iguana bites you!
* * * LOW HITPOINT WARNING * * *
You hit the iguana.
The iguana is moderately wounded.
The iguana barely misses you.
Casting: Ensorcelled Hibernation (safe; 13% risk of failure)
Confirm with . or Enter, or press ? or * to list all spells.
You don't have enough magic to cast this spell.
Unknown command.
Unknown command.
You hit the iguana but do no damage.
The iguana is moderately wounded.
You block the iguana's attack.
You hit the iguana but do no damage.
The iguana is moderately wounded.
The iguana bites you!
* * * LOW HITPOINT WARNING * * *
Aiming: Mindburst
Press: ? - help, Shift-Dir - straight line, f/p - iguana
Aim: an iguana (moderately wounded, chance to affect: 72%)
The iguana's mind is blasted!
The iguana bites you.
You die...

#........ ###
#........ # .)#
#........ #. #.#
#........ ###.## #.#
##........ +..... #.#
#.........
#...###.####.........
+..........'..<......
#...@.#.####..†######
#..l..#.# #...# #
#.....#.# #...#
#.....#.. .......
.......##########.#
#######.# .# #.# # .#


You could see an iguana.

Vanquished Creatures
  A scorpion (D:6)
  3 gnolls (D:3)
  An adder (D:2)
  2 worms (D:2)
  3 dart slugs
  2 orcs (D:3)
  6 endoplasms
  5 giant cockroaches
  4 goblins
  5 hobgoblins
  8 jackals
  7 kobolds
  2 quokkas
  5 ball pythons
  7 bats
  5 frilled lizards
  A rat (D:1)
  A rat zombie (D:3)
68 creatures vanquished.

Notes
Turn   | Place    | Note
-------+----------+-------------------------------------------
     0 | D:1      | tilp the Vampire Enchanter began the quest for the Orb.
     0 | D:1      | Reached XP level 1. HP: 13/13 MP: 3/3
   217 | D:1      | Reached XP level 2. HP: 20/20 MP: 5/5
   220 | D:1      | Learned a level 2 spell: Ensorcelled Hibernation
  1075 | D:2      | Gained mutation: You are afflicted with vampirism and can
                  | become a bat while bloodless. [Vampire growth]
  1075 | D:2      | Reached XP level 3. HP: 23/25 MP: 3/6
  1162 | D:2      | Reached skill level 1 in Fighting
  1763 | D:2      | Reached XP level 4. HP: 20/32 MP: 4/7
  2322 | D:3      | Reached skill level 5 in Hexes
  2326 | D:3      | Learned a level 3 spell: Confusing Touch
  2330 | D:3      | Learned a level 3 spell: Tukima's Dance
  2650 | D:3      | Found a faded altar of an unknown god.
  2654 | D:3      | Noticed a golden eye
  2656 | D:3      | Noticed a floating eye
  2656 | D:3      | Noticed an eye of devastation
  2656 | D:3      | Noticed a shining eye
  2770 | D:3      | Found an ancient bone altar of Kikubaaqudgha.
  2868 | D:4      | Identified a scroll of acquirement
  2875 | D:4      | You fall into a shaft and drop 3 floors!
  2875 | D:7      | Found a staircase to the Ecumenical Temple.
  2899 | Temple   | Entered the Ecumenical Temple
  2931 | Temple   | Became a worshipper of the Wu Jian Council
  2950 | D:7      | Noticed a scorpion
  2966 | D:6      | Noticed a scorpion
  2970 | D:6      | Killed a scorpion
  2971 | D:6      | Reached skill level 5 in Stealth
  2971 | D:6      | Reached XP level 5. HP: 38/38 MP: 5/9
  2994 | D:6      | HP: 1/38 [iguana (10)]
  2995 | D:6      | Slain by an iguana

Illustrated notes

Levels and vault maps discovered:
D:1:      lemuel_arrival_broad_hall, layout_basic
D:2:      layout_rooms, roderic_roman_lattice, grunt_ministairs_12,
          chequers_serial_rivers_large_a, minmay_increasing_density
D:3:      layout_loops_ring, lemuel_zombie_altar_kikubaaqudgha,
          hellmonk_ecumenical_altar_watching_god, serial_bayou_lagoon_a,
          amcnicky_mini_corridor_feature, glass_columns_b
D:4:      black_bear_nest_1, layout_basic, mainiacjoe_overflow_24_doors
D:6:      layout_basic, nzn_hepliaklqana_mist_gate, portal_sewer_entry_f,
          minivault_24, uniq_maggie
D:7:      cheibrodos_steamvent, layout_cave_pools, temple_pool_b, serial_shops,
          nicolae_shop_bloodbath_and_beyond, nicolae_shop_back_alley_shop, shop,
          nicolae_take_the_stairs, shop, moated_statue
Temple:   hellmonk_temple_of_storms

Skill      XL: |  1  2  3  4 |
---------------+-------------+-----
Short Blades   | 2 3 |  3.0
Fighting       | 1 |  1.8
Hexes          | 5 |  5.2
Dodging        | 3 |  3.0
Stealth        | 5 |  5.1
Spellcasting   | |  2.8

Action                     |  1- 3 |  4- 6 || total
---------------------------+-------+-------++-------
  Melee: Dagger            |   152 |    49 ||   201
         Bite              |    14 |     5 ||    19
         Punch             |     2 |       ||     2
   Cast: Ensorcelled Hiber |    13 |    13 ||    26
  Evoke: Wand              |       |     1 ||     1
    Use: Scroll            |     3 |     1 ||     4
   Stab: Sleeping          |    14 |    18 ||    32
         Distracted        |       |     1 ||     1
 Armour: Robe              |    26 |     1 ||    27
  Dodge: Dodged            |   106 |    19 ||   125
  Block: Buckler           |    11 |     5 ||    16

Table legend: (Time is in decaauts)
 A = Elapsed time spent in this place.
 B = Non-inter-level travel time spent in this place.
 C = Inter-level travel time spent in this place.
 D = Time resting spent in this place.
 E = Time spent auto-exploring this place.
 F = Levels seen in this place.
 G = Mean time per level.
                   A        B        C        D        E       F      G
               +--------+--------+--------+--------+--------+-----+--------+
         Total |   2998 |   2855 |    143 |      0 |   2205 |   7 |  428.3 |
       Dungeon |   2959 |   2837 |    122 |      0 |   2205 |   6 |  493.2 |
        Temple |     39 |     18 |     21 |      0 |      0 |   1 |   39.0 |
               +--------+--------+--------+--------+--------+-----+--------+

Top non-repeatable levels by time:
     D:2: 1128 daAuts
     D:1: 1034 daAuts
     D:3: 705 daAuts
     D:7: 42 daAuts
     D:6: 40 daAuts
  Temple: 39 daAuts
     D:4: 7 daAuts
